 Dungeon Crawl Stone Soup version 0.30-a0-12-gd8047c6341 (webtiles) character file.

Game seed: 6623068554850030192

11740 BeingJoeMalik the Destroyer (level 11, -5/60 HPs)
             Began as a Tengu Air Elementalist on Aug 11, 2022.
             Was an Elder of Vehumet.
             Slain by an unseen horror (6 damage)
             ... on level 11 of the Dungeon on Aug 23, 2022.
             The game lasted 00:56:10 (16974 turns).

BeingJoeMalik the Destroyer (TeAE)                 Turns: 16974, Time: 00:56:11

Health: -5/60      AC:  4    Str:  9    XL:     11   Next: 82%
Magic:  16/24      EV: 13    Int: 19    God:    Vehumet [****..]
Gold:   65         SH: 12    Dex: 15    Spells: 4/27 levels left

rFire   + + .      SeeInvis .    s - staff of air
rCold   + + .      Faith    .    t - +2 shield of Resistance {rF++ rC++ Will++}
rNeg    + . .      Spirit   .    a - +0 robe {rN+}
rPois   .          Reflect  .    (helmet restricted)
rElec   +          Harm     .    p - +1 cloak
rCorr   .          Rampage  .    (no gloves)
Will    ++...                    (boots unavailable)
Stlth   ++........               (no amulet)
HPRegen 0.20/turn                (no ring)
MPRegen 0.19/turn                (no ring)

@: flying quickly and evasively, quick
A: beak, talons 3, nimble flight
a: Renounce Religion


You were on level 11 of the Dungeon.
You worshipped Vehumet.
Vehumet was greatly pleased with you.
You visited 2 branches of the dungeon, and saw 12 of its levels.
You also visited: Ossuary.

You collected 1854 gold pieces.
You spent 1789 gold pieces at shops.

Inventory:

Hand Weapons
 d - a +1 whip of venom
 n - the +10 sling of a bailey {vorpal, Fragile rF+++ rN++}
   (You found it on level 2 of the Dungeon)

   Any ammunition fired from it inflicts extra damage upon your enemies.
   rF:        It renders you almost immune to fire.
   rN:        It greatly protects you from negative energy.
   Fragile:   It will be destroyed if unequipped.
Missiles
 l - 4 curare-tipped darts (quivered)
 o - 78 stones
Armour
 a - a +0 robe of positive energy (worn)
 p - a +1 cloak (worn)
 t - the +2 shield of Resistance (worn) {rF++ rC++ Will++}
   (You bought it in a shop on level 6 of the Dungeon)

   rF:        It greatly protects you from fire.
   rC:        It greatly protects you from cold.
   Will:      It greatly increases your willpower.
 z - +0 steam dragon scales
 C - the +4 robe of Bokeock {Rampage +Blink rElec SInv}
   (You found it on level 6 of the Dungeon)

   rElec:     It insulates you from electricity.
   SInv:      It lets you see invisible.
   +Blink:    It lets you blink.
   Rampage:   It bestows one free step when moving towards enemies.
Magical Staves
 s - a staff of air (weapon)
Jewellery
 w - the ring "Daikua" {Ice Fly Stlth+}
   (You found it on level 6 of the Dungeon)

   [ring of ice]

   It enhances your ice magic.
   rF:        It makes you vulnerable to fire.
   rC:        It protects you from cold.
   Fly:       It grants you flight.
   Stlth:     It makes you more stealthy.
 F - a ring of protection from cold
 G - a ring of fire
Wands
 r - a wand of polymorph (9)
 x - a wand of paralysis (7)
 B - a wand of flame (2)
 H - a wand of iceblast (5)
Scrolls
 c - 7 scrolls of teleportation
 j - a scroll of fog
 m - 2 scrolls of enchant armour
 y - 3 scrolls of amnesia
 A - 5 scrolls of identify
 E - a scroll of poison
 I - a scroll of silence {unknown}
 J - a scroll of torment {unknown}
Potions
 b - 4 potions of magic
 e - 3 potions of haste
 f - 6 potions of mutation
 g - a potion of resistance
 h - 4 potions of might
 i - 3 potions of heal wounds
 k - 2 potions of cancellation
 q - 2 potions of invisibility
 u - a potion of brilliance
 v - 4 potions of curing
 D - a potion of lignification


   Skills:
 + Level 3.9 Fighting
 - Level 2.1 Dodging
 - Level 2.0 Stealth
 * Level 5.5 Shields
 + Level 8.9 Spellcasting
 + Level 12.2 Conjurations
 * Level 7.7 Fire Magic
 + Level 11.4 Air Magic


You had 4 spell levels left.
You knew the following spells:

 Your Spells              Type           Power      Damage    Failure   Level
a - Shock                 Conj/Air       100%       1d9       1%          1
b - Static Discharge      Conj/Air       69%        3-12/arc  1%          2
c - Airstrike             Air            33%        2d(5-21)  1%          4
d - Foxfire               Conj/Fire      100%       2x1d9     1%          1
e - Poisonous Vapours     Pois/Air       90%        N/A       1%          2
f - Stone Arrow           Conj/Erth      62%        3d10      1%          3
g - Mephitic Cloud        Conj/Pois/Air  55%        N/A       1%          3
h - Spellforged Servitor  Conj/Summ      15%        N/A       97%         7

Your spell library contained the following spells:

 Spells                   Type           Power      Damage    Failure   Level
 Magic Dart               Conj           100%       1d8       1%          1
 Conjure Flame            Conj/Fire      46%        6-21      1%          3
 Dazzling Flash           Conj/Hex       62%        N/A       1%          3
 Swiftness                Air            67%        N/A       1%          3
 Flame Wave               Conj/Fire      46%        2d12      1%          4
 Sticky Flame             Conj/Fire      46%        2d6       1%          4
 Inner Flame              Hex/Fire       23%        N/A       4%          3
 Iskenderun's Mystic Bla  Conj/Tloc      31%        2d8       5%          4
 Ignite Poison            Fire/Tmut/Pois 18%        N/A       7%          3
 Apportation              Tloc           16%        N/A       24%         1
 Sting                    Tmut/Pois      32%        1d4       24%         1
 Call Imp                 Summ           8%         N/A       34%         2
 Olgreb's Toxic Radiance  Pois           8%         N/A       50%         4
 Confusing Touch          Hex            8%         N/A       56%         3
 Tukima's Dance           Hex            8%         N/A       56%         3
 Anguish                  Hex/Necr       4%         N/A       93%         4
 Passage of Golubria      Tloc           8%         N/A       93%         4
 Summon Ice Beast         Ice/Summ       8%         N/A       93%         4
 Starburst                Conj/Fire      23%        6d8       16%         6
 Yara's Violent Unravell  Hex/Tmut       4%         3d4       82%         5
 Alistair's Intoxication  Tmut/Pois      5%         N/A       100%        5
 Summon Mana Viper        Hex/Summ       8%         N/A       100%        5
 Enfeeble                 Hex            4%         N/A       100%        7
 Monstrous Menagerie      Summ           4%         N/A       100%        7


Dungeon Overview and Level Annotations

Branches:
Dungeon (11/15)            Temple (1/1) D:7            Lair (0/5) D:10
    Orc (0/2) D:9         Ossuary (visited)

Altars:
Ashenzari
Cheibriados
Dithmenos
Elyvilon
Fedhas
Gozag
Hepliaklqana
Kikubaaqudgha
Makhleb
Nemelex Xobeh
Okawaru
Qazlal
Ru
Sif Muna
Trog
Uskayaw
Vehumet
Wu Jian
Xom
Yredelemnul
Zin
The Shining One

Shops:
D:6 [[!?


Innate Abilities, Weirdness & Mutations

You have a beak for a mouth.
You have claws for feet.
Your magical nature lets you fly swiftly and evasively.


Message History

The foxfire hits something.
Unknown command.
Casting: Foxfire (safe; 1% risk of failure)
Confirm with . or Enter, or press ? or * to list all spells.
You feel a surge of power! Really attack your foxfire?
Okay, then.
Casting: Static Discharge (safe; 1% risk of failure)
Confirm with . or Enter, or press ? or * to list all spells.
You feel a surge of power! Really attack your foxfire?
Your foxfire is struck by an arc of lightning.
Your foxfire is moderately damaged.
You resist.
You are struck by an arc of lightning.
* * * LOW HITPOINT WARNING * * *
Your foxfire is struck by an arc of lightning!
Your foxfire is severely damaged.
You resist.
You are struck by an arc of lightning.
* * * LOW HITPOINT WARNING * * *
Your foxfire is struck by an arc of lightning!
Your foxfire is almost destroyed.
The lightning grounds out.
Something is struck by an arc of lightning!
You resist.
You are struck by an arc of lightning.
* * * LOW HITPOINT WARNING * * *
Something is struck by an arc of lightning!
The lightning grounds out.
The foxfire hits something.
Something hits you!
* * * LOW HITPOINT WARNING * * *
Something hits you.
* * * LOW HITPOINT WARNING * * *
Unknown command.
Unknown command.
Casting: Static Discharge (safe; 1% risk of failure)
Confirm with . or Enter, or press ? or * to list all spells.
You feel a surge of power!
Something is struck by an arc of lightning.
You resist.
You are struck by an arc of lightning.
* * * LOW HITPOINT WARNING * * *
The lightning grounds out.
Something hits you.
You die...

########
#......#
##.#######
##ยง@.......
#...{.#.###
#...#.#
#.#.##...#...
#........#.#..#
#######.##.#..#
##.........
#...# #####
#..........
#....
#.....#.###..#.#
#####...#


There were no monsters in sight!

Vanquished Creatures
  A boulder beetle (D:11)
  Erica (D:10)
  Pikel (D:7)
  A deep elf pyromancer (D:10)
  A manticore (D:11)
  Maurice (D:9)
  Joseph (D:7)
  2 trolls
  A wraith (Ossuary)
  A steam dragon (D:7)
  A vampire (D:11)
  14 yaks
  Grum (D:8)
  3 water moccasins
  2 ice beasts
  8 orc warriors
  2 sky beasts
  An ogre (D:5)
  5 black bears
  2 wolves (D:7)
  A lemure (D:7)
  4 centaurs
  3 phantoms (D:5)
  3 kobold brigands
  3 bullfrogs
  A gnoll sergeant (D:9)
  5 scorpions
  A necrophage (D:4)
  7 wights
  5 killer bees (D:9)
  4 electric eels
  2 howler monkeys
  Crazy Yiuf (D:2)
  2 hounds (D:5)
  2 gnoll boudas (D:7)
  5 orc priests
  3 iron imps (D:9)
  A bullfrog skeleton (D:5)
  3 iguanas
  Jessica (D:3)
  Natasha (D:3)
  10 orc wizards
  Ijyb (D:3)
  A killer bee zombie (D:5)
  2 hound zombies (D:5)
  2 mummies
  Robin (D:3)
  11 gnolls
  14 adders
  3 white imps
  2 ufetubi
  An adder zombie (D:5)
  The ghost of flotson the Sneak, a weakling DsDe (D:5)
  4 dart slugs
  3 worms
  32 orcs
  8 endoplasms
  5 giant cockroaches
  15 goblins
  13 hobgoblins
  4 jackals (D:1)
  4 quokkas
  6 ball pythons
  7 bats
  3 frilled lizards (D:1)
  6 gnoll skeletons (Ossuary)
  2 goblin zombies (D:6)
  20 kobolds
  3 kobold skeletons (Ossuary)
  16 orc skeletons (Ossuary)
  5 rats
313 creatures vanquished.

Vanquished Creatures (collateral kills)
  A foxfire (D:7)
1 creature vanquished.

Vanquished Creatures (others)
  A centaur (D:7)
  121 foxfires
  21 fungi (D:10)
  43 plants
186 creatures vanquished.

Grand Total: 500 creatures vanquished

Notes
Turn   | Place    | Note
-------+----------+-------------------------------------------
     0 | D:1      | BeingJoeMalik the Tengu Air Elementalist began the quest
                  | for the Orb.
     0 | D:1      | Reached XP level 1. HP: 10/10 MP: 4/4
   177 | D:1      | Reached skill level 2 in Conjurations
   184 | D:1      | Reached XP level 2. HP: 15/15 MP: 1/6
   188 | D:1      | Reached skill level 3 in Conjurations
   617 | D:1      | Found a faded altar of an unknown god.
   663 | D:1      | Reached XP level 3. HP: 19/19 MP: 3/7
   716 | D:1      | Reached skill level 4 in Conjurations
  1247 | D:2      | Reached skill level 5 in Conjurations
  1247 | D:2      | Reached XP level 4. HP: 24/24 MP: 4/8
  1664 | D:2      | Found a runed translucent door.
  1665 | D:2      | Noticed Crazy Yiuf
  1992 | D:2      | Learned a level 2 spell: Static Discharge
  1997 | D:2      | Learned a level 4 spell: Airstrike
  2144 | D:2      | Identified the +10 sling of a bailey {vorpal, Fragile rF+++
                  | rN++}
  2678 | D:2      | Killed Crazy Yiuf
  2679 | D:2      | Reached skill level 6 in Conjurations
  2679 | D:2      | Gained mutation: Your magical nature lets you fly swiftly
                  | and evasively. [Tengu growth]
  2679 | D:2      | Reached XP level 5. HP: 16/28 MP: 5/9
  2863 | D:3      | Noticed Robin
  3093 | D:3      | Found a radiant altar of Vehumet.
  3099 | D:3      | Became a worshipper of Vehumet
  3114 | D:3      | Noticed Jessica
  3116 | D:3      | Killed Jessica
  3229 | D:3      | Killed Robin
  3317 | D:3      | Learned a level 1 spell: Foxfire
  3551 | D:3      | Noticed Ijyb
  3561 | D:3      | Killed Ijyb
  3562 | D:3      | Reached skill level 5 in Air Magic
  3562 | D:3      | Reached XP level 6. HP: 32/32 MP: 1/10
  3913 | D:3      | Reached * piety under Vehumet
  3913 | D:3      | Offered knowledge of Magic Dart by Vehumet.
  4106 | D:3      | Reached skill level 7 in Conjurations
  4260 | D:3      | Noticed Natasha
  4262 | D:3      | Killed Natasha
  4584 | D:4      | Reached skill level 1 in Fire Magic
  5223 | D:4      | Found a snail-covered altar of Cheibriados.
  5230 | D:4      | Found a glowing golden altar of the Shining One.
  5230 | D:4      | Found a blossoming altar of Fedhas.
  5282 | D:5      | Entered Level 5 of the Dungeon
  5286 | D:5      | Reached XP level 7. HP: 36/36 MP: 8/12
  5369 | D:5      | Found a runed translucent door.
  5474 | D:5      | Noticed flotson's ghost (weakling DsDe)
  5887 | D:5      | Reached skill level 8 in Conjurations
  6189 | D:5      | Reached ** piety under Vehumet
  6189 | D:5      | Offered knowledge of Poisonous Vapours by Vehumet.
  6193 | D:5      | Learned a level 2 spell: Poisonous Vapours
  6218 | D:5      | Reached XP level 8. HP: 42/42 MP: 10/14
  6313 | D:5      | Reached skill level 1 in Fighting
  6675 | D:5      | Killed flotson's ghost
  6855 | D:6      | Found Vaemilug's Distillery.
  6874 | D:6      | Identified the ring "Daikua" {Ice Fly Stlth+}
  6891 | D:6      | Bought a potion of curing for 42 gold pieces
  6891 | D:6      | Bought a potion of heal wounds for 70 gold pieces
  6922 | D:6      | Found a sand-covered staircase.
  6975 | Ossuary  | Entered an ossuary
  6975 | Ossuary  | Noticed a wraith
  6975 | Ossuary  | Noticed a wraith
  6975 | Ossuary  | Noticed a wraith
  7026 | Ossuary  | Reached skill level 9 in Conjurations
  7073 | Ossuary  | Noticed a wraith
  7082 | Ossuary  | Killed a wraith
  7083 | Ossuary  | Reached XP level 9. HP: 30/49 MP: 8/17
  7243 | Ossuary  | Offered knowledge of Stone Arrow by Vehumet.
  7251 | Ossuary  | Learned a level 3 spell: Stone Arrow
  7347 | Ossuary  | Reached *** piety under Vehumet
  7436 | D:6      | Reached skill level 5 in Spellcasting
  7467 | D:6      | Found Qocs's Antique Armour Emporium.
  7739 | D:6      | Found Ywnedus's Magic Scroll Shop.
  7896 | D:6      | Identified the +4 robe of Bokeock {Rampage +Blink rElec
                  | SInv}
  7947 | D:6      | Found Pount's Antique Armour Boutique.
  8149 | D:7      | Learned a level 3 spell: Mephitic Cloud
  8222 | D:6      | Bought a buckler for 126 gold pieces
  8248 | D:7      | Found a staircase to the Ecumenical Temple.
  8254 | Temple   | Entered the Ecumenical Temple
  8283 | D:7      | Offered knowledge of Hailstorm by Vehumet.
  8356 | D:7      | Reached skill level 1 in Shields
  8358 | D:7      | Reached skill level 5 in Fire Magic
  9615 | D:7      | Noticed Pikel
  9627 | D:7      | Killed Pikel
  9628 | D:7      | Reached skill level 10 in Conjurations
  9628 | D:7      | Reached XP level 10. HP: 38/56 MP: 13/20
  9767 | D:7      | Noticed Joseph
  9780 | D:7      | Killed Joseph
 10472 | D:8      | Noticed Grum
 10696 | D:8      | Killed Grum
 11383 | D:8      | Reached **** piety under Vehumet
 12063 | D:9      | Found an ornate altar of the Wu Jian Council.
 12205 | D:9      | Offered knowledge of Freezing Cloud by Vehumet.
 12393 | D:9      | Found a burning altar of Makhleb.
 12730 | D:9      | Reached skill level 11 in Conjurations
 12982 | D:9      | Reached skill level 10 in Air Magic
 13427 | D:9      | Noticed Maurice
 13623 | D:9      | Killed Maurice
 13624 | D:9      | Reached XP level 11. HP: 54/60 MP: 10/23
 13869 | D:9      | Found a staircase to the Orcish Mines.
 14065 | D:9      | Identified a scroll of acquirement
 14065 | D:9      | Acquired 1308 gold pieces
 14117 | D:6      | Bought the +2 shield of Resistance {rF++ rC++ Will++} for
                  | 1551 gold pieces
 14117 | D:6      | Found the +2 shield of Resistance {rF++ rC++ Will++}
 14203 | D:9      | Reached ***** piety under Vehumet
 14429 | D:10     | Entered Level 10 of the Dungeon
 14432 | D:10     | Upgraded the game from 0.29-a0-1023-g6ae1a4a2c7 to
                  | 0.30-a0-12-gd8047c6341
 14475 | D:10     | Offered knowledge of Spellforged Servitor by Vehumet.
 14838 | D:10     | Noticed a deep elf pyromancer
 14844 | D:10     | Killed a deep elf pyromancer
 14845 | D:10     | Reached skill level 5 in Shields
 14854 | D:10     | Learned a level 7 spell: Spellforged Servitor
 14909 | D:10     | Found a stormy altar of Qazlal.
 15358 | D:10     | Noticed Erica
 15984 | D:10     | Found a staircase to the Lair.
 16174 | D:10     | Killed Erica
 16175 | D:10     | Reached skill level 12 in Conjurations
 16364 | D:11     | Noticed a manticore
 16371 | D:11     | Noticed a boulder beetle
 16380 | D:11     | Killed a boulder beetle
 16469 | D:11     | Killed a manticore
 16973 | D:11     | HP: 2/60 [something (2)]
 16974 | D:11     | Slain by an unseen horror

Illustrated notes

Levels and vault maps discovered:
D:1:      matt_arrival_spirals, layout_loops_ring,
          hellmonk_ecumenical_altar_run_dry
D:2:      layout_basic, st_stairs_7, uniq_crazy_yiuf_cottage
D:3:      layout_loops_corners, nicolae_vehumet_altar_sigil, st_stairs_2,
          minmay_joined_circles, uniq_robin, uniq_ijyb, uniq_jessica,
          uniq_natasha
D:4:      layout_rooms, minitemple, nicolae_figureground_sparkle
D:5:      layout_loops_corners, serial_undead, serial_undead_a, serial_undead_c,
          serial_undead_a, serial_undead_d, ebering_ghost_reflecting_pool,
          hangedman_abyss_or_decor_lesser_grid, chequers_serial_rivers_micro_e
D:6:      layout_cave_pools, nicolae_ossuary_entry_giza, serial_shops,
          nicolae_shop_trees, nicolae_shop_statue_plus,
          nicolae_shop_advertising_works [nicolae_subvault_shop_adworks], shop
D:7:      layout_gridville, minmay_temple_entry_purple_smoke, serial_bayou,
          serial_bayou_lagoon_a, serial_bayou_crossing, serial_bayou_shore_b,
          serial_bayou_pond_c, uniq_joseph, uniq_pikel
D:8:      layout_layer_cave, serial_bayou_pond_a, serial_bayou_ford_a,
          kennysheep_path_1, uniq_grum
D:9:      layout_irregular_city, nicolae_wu_jian_wuxing_cycle, demons_altar,
          david_orc_4, uniq_maurice
D:10:     layout_basic, mainiacjoe_overflow_cross_hatched,
          grunt_lair_entry_orc_guard_hut, uniq_erica
D:11:     layout_loops_cross
Temple:   hellmonk_temple_two_chambers

Skill      XL: |  1  2  3  4  5  6  7  8  9 10 11 |
---------------+----------------------------------+-----
Conjurations   | 2 3 5 6 7 8 9 10 11 12 | 12.2
Air Magic      | 5 6 7 9 10 11 | 11.4
Fire Magic     | 1 3 4 5 6 7 |  7.7
Spellcasting   | 3 4 6 7 8 |  8.9
Fighting       | 2 3 |  3.9
Shields        | 2 4 5 |  5.5
Dodging        | |  2.1
Stealth        | |  2.0

Action                   |  1- 3 |  4- 6 |  7- 9 | 10-12 || total
-------------------------+-------+-------+-------+-------++-------
Melee: Unarmed           |    12 |       |       |       ||    12
       Kick              |     3 |       |     1 |     1 ||     5
       Peck              |     2 |       |       |     1 ||     3
       Staff             |       |       |     3 |     3 ||     6
 Cast: Shock             |    53 |   148 |   224 |   239 ||   664
       Foxfire           |       |     4 |    29 |    34 ||    67
       Static Discharge  |       |     6 |    30 |    70 ||   106
       Poisonous Vapours |       |       |     3 |    15 ||    18
       Stone Arrow       |       |       |       |     7 ||     7
       Mephitic Cloud    |       |       |       |     5 ||     5
  Use: Scroll            |       |     8 |     8 |     4 ||    20
       Potion            |       |     3 |       |     1 ||     4
Armor: Robe              |     3 |     3 |    14 |    10 ||    30
       Steam dragon scal |       |       |       |     5 ||     5
Dodge: Dodged            |     9 |    11 |    51 |    58 ||   129
Block: Buckler           |       |       |     4 |    14 ||    18
       Kite shield       |       |       |       |    17 ||    17

Table legend: (Time is in decaauts)
 A = Elapsed time spent in this place.
 B = Non-inter-level travel time spent in this place.
 C = Inter-level travel time spent in this place.
 D = Time resting spent in this place.
 E = Time spent auto-exploring this place.
 F = Levels seen in this place.
 G = Mean time per level.
                   A        B        C        D        E       F      G
               +--------+--------+--------+--------+--------+-----+--------+
         Total |  16341 |  15813 |    528 |   5448 |   8304 |  13 | 1257.0 |
       Dungeon |  15889 |  15361 |    528 |   5337 |   8095 |  11 | 1444.5 |
        Temple |     16 |     16 |      0 |      0 |      9 |   1 |   16.0 |
       Ossuary |    435 |    435 |      0 |    111 |    199 |   1 |  435.0 |
               +--------+--------+--------+--------+--------+-----+--------+

Top non-repeatable levels by time:
     D:9: 2244 daAuts
     D:7: 1933 daAuts
    D:10: 1824 daAuts
     D:2: 1755 daAuts
     D:8: 1740 daAuts
     D:3: 1564 daAuts
     D:5: 1394 daAuts
     D:1: 1158 daAuts
     D:6: 996 daAuts
     D:4: 667 daAuts
    D:11: 610 daAuts
 Ossuary: 435 daAuts
  Temple: 16 daAuts
